[Event "ICCopen2016"]
[Site "Internet Chess Club"]
[Date "2016.06.04"]
[Round "5"]
[White "INDIAN-ELEPHANT"]
[Black "Panesso"]
[Result "0-1"]
[ICCResult "White forfeits on time"]
[WhiteElo "2780"]
[BlackElo "2270"]
[Opening "King's Indian, 3.Nf3"]
[ECO "E61"]
[NIC "QP.06"]
[Time "14:45:17"]
[TimeControl "180+0"]

1. d4 Nf6 2. Nf3 g6 3. c4 Bg7 4. Nc3 O-O 5. Bg5 a6 6. e3 d6 7. Be2 b6 8. O-O
Bb7 9. d5 e5 10. dxe6 fxe6 11. Nd4 Qe7 12. Bf3 c6 13. Bh4 e5 14. Nb3 h6 15.
Qc2 g5 16. Bg3 Nbd7 17. Rad1 Rfd8 18. Ne4 Nxe4 19. Bxe4 Nf6 20. Bf5 d5 21.
c5 b5 22. Na5 Nh5 23. Nxb7 Qxb7 24. Be6+ Kh8 25. Qg6 Qe7 26. Bf5 Nf6 27. f4
gxf4 28. exf4 e4 29. Bh4 Qe8 30. Qg3 Qh5 31. Bg6 Qg4 32. Qxg4 Nxg4 33. Bxd8
Rxd8 34. Rfe1 Bxb2 35. Bxe4 Ba3 36. Bf3 Bxc5+ 37. Kf1 Ne3+ 38. Rxe3 Bxe3 39.
Ke2 d4 40. g3 c5 41. Be4 c4 42. Kf3 Re8 43. a4 Kg7 44. axb5 axb5 45. Ra1 Re7
46. g4 Bg1 47. Rxg1 d3 48. Rd1 Ra7 49. Ke3 Ra3 50. Bxd3 b4 51. Ke2 cxd3+ 52.
Rxd3 Ra2+ 53. Rd2 b3 54. Kd1 Kf6 55. Ke2 Ra1 56. Rb2 Ra2 57. Rd2 Ra3 58. Kf2
Ra2 59. Ke2 Ra7 {White forfeits on time} 0-1

[Event "ICCopen2016"]
[Site "Internet Chess Club"]
[Date "2016.06.04"]
[Round "5"]
[White "jc-arias"]
[Black "zealous"]
[Result "1-0"]
[ICCResult "Black forfeits on time"]
[WhiteElo "2152"]
[BlackElo "1801"]
[Opening "Sicilian: Smith-Morra gambit"]
[ECO "B21"]
[NIC "SI.47"]
[Time "14:45:19"]
[TimeControl "180+0"]

1. e4 c5 2. d4 cxd4 3. c3 Nf6 4. e5 Nd5 5. Nf3 Nc6 6. Bc4 Nb6 7. Bb3 d5 8.
exd6 Qxd6 9. cxd4 Bf5 10. O-O e6 11. Nc3 a6 12. Re1 Be7 13. d5 Na5 14. dxe6
Bxe6 15. Bxe6 fxe6 16. Qe2 O-O-O 17. Ne4 Qb4 18. Bf4 e5 19. Rac1+ Kb8 20.
Bxe5+ Bd6 21. Bc3 Qc4 22. Nxd6 Qxe2 23. Rxe2 Nac4 24. Nxc4 Nxc4 25. Rce1 Nd6
26. h4 Rhe8 27. h5 Rxe2 28. Rxe2 Re8 29. Kf1 Rxe2 30. Kxe2 Nf5 31. h6 gxh6
32. Nd4 Ne7 33. f4 Nc6 34. g3 Nxd4+ 35. Bxd4 Kc8 36. Bg7 Kd7 37. Bxh6 Ke6
38. g4 Kf7 39. f5 Kg8 40. Bf4 Kf7 41. Kf3 Ke8 42. g5 Kd7 43. Kg4 Kc6 44. Kh5
Kb5 45. Kh6 Kc4 46. Kxh7 Kd3 47. f6 Kc2 48. Be5 {Black forfeits on time} 1-0

[Event "ICCopen2016"]
[Site "Internet Chess Club"]
[Date "2016.06.04"]
[Round "5"]
[White "Imaneverwas"]
[Black "zloco"]
[Result "0-1"]
[ICCResult "White forfeits on time"]
[WhiteElo "1720"]
[BlackElo "2362"]
[Opening "English: ultra-symmetrical variation"]
[ECO "A36"]
[NIC "EO.31"]
[Time "14:47:01"]
[TimeControl "180+0"]

1. c4 c5 2. g3 g6 3. Bg2 Bg7 4. Nc3 Nc6 5. d3 e6 6. e4 Nge7 7. Be3 d6 8. Qd2
h5 9. h3 Rb8 10. Nge2 Nd4 11. O-O a6 12. f4 b5 13. Rae1 Bb7 14. b3 Qd7 15.
Bf2 b4 16. Nd1 Nec6 17. Nxd4 Nxd4 18. Ne3 f5 19. exf5 gxf5 20. Nc2 Nxc2 21.
Qxc2 Bxg2 22. Kxg2 h4 23. d4 hxg3 24. Bxg3 Bxd4 25. Qxf5 Ke7 26. Rxe6+ Qxe6
27. Re1 Be5 28. Qxe6+ Kxe6 29. fxe5 d5 30. cxd5+ Kxd5 31. Rd1+ Ke4 32. Re1+
Kd3 33. Rc1 Rbc8 34. Rc4 Rhg8 35. h4 Rg6 36. Kh3 Rf8 37. Rg4 Rxg4 38. Kxg4
Kc2 39. e6 Kb1 40. e7 Rg8+ 41. Kf3 Kxa2 42. Bd6 Kxb3 43. Bxc5 a5 44. Ke4 a4
45. Kf5 a3 46. Kf6 Kc4 47. Kf7 Rh8 {White forfeits on time} 0-1

[Event "ICCopen2016"]
[Site "Internet Chess Club"]
[Date "2016.06.04"]
[Round "5"]
[White "ponte2"]
[Black "luckypawns"]
[Result "0-1"]
[ICCResult "White forfeits on time"]
[WhiteElo "1343"]
[BlackElo "1601"]
[Opening "Queen's pawn"]
[ECO "A40"]
[NIC "QO.17"]
[Time "14:46:03"]
[TimeControl "180+0"]

1. d4 a5 2. Nf3 b6 3. Bf4 Bb7 4. e3 e6 5. Be2 Ne7 6. Nbd2 Ng6 7. Bg3 Bd6 8.
Ne5 O-O 9. c3 Bxg2 10. Rg1 Bb7 11. Bf3 c6 12. h4 Bxe5 13. Bxe5 Nxe5 14. dxe5
Qxh4 15. Qc2 Na6 16. Rh1 Qxh1+ 17. Bxh1 b5 18. Ne4 f5 19. Nd6 Rab8 20. O-O-O
Ba8 21. Rg1 b4 22. e4 bxc3 23. Qxc3 Rb5 24. exf5 Rc5 25. Nc4 Rxf5 26. Qg3
Rxc4+ 27. Kb1 g6 28. Rc1 Rcf4 29. f3 c5 30. Qe1 Nb4 31. Qc3 Bxf3 32. Qxc5
Nd3 33. Qc8+ Rf8 34. Qxd7 Nxc1 35. Qxe6+ Kg7 36. Kxc1 Bxh1 37. Qe7+ R8f7 38.
Qe6 Rf1+ 39. Kc2 Be4+ 40. Kc3 R1f4 41. Qxf7+ Rxf7 42. e6 Re7 43. Kd4 Rxe6
44. Kc5 Re7 45. Kd6 Kf7 {White forfeits on time} 0-1

[Event "ICCopen2016"]
[Site "Internet Chess Club"]
[Date "2016.06.04"]
[Round "5"]
[White "Federicov"]
[Black "Fighterman"]
[Result "0-1"]
[ICCResult "White checkmated"]
[WhiteElo "3139"]
[BlackElo "2583"]
[Opening "Sicilian: Najdorf, 6.Bg5"]
[ECO "B94"]
[NIC "SI.04"]
[Time "14:45:37"]
[TimeControl "180+0"]

1. e4 c5 2. Nf3 d6 3. d4 cxd4 4. Nxd4 Nf6 5. Nc3 a6 6. Bg5 Nbd7 7. Qe2 h6 8.
Bh4 e5 9. Nf5 g6 10. Ne3 Be7 11. O-O-O b5 12. f3 Bb7 13. Qd2 Rc8 14. Kb1 O-O
15. g4 Nxe4 16. fxe4 Bxh4 17. Qxd6 Nf6 18. Qxe5 Qe8 19. Qxe8 Rfxe8 20. Bg2
Nxe4 21. Nxe4 Bxe4 22. h3 Bg5 23. Bxe4 Rxe4 24. Nd5 Re2 25. c3 Bh4 26. Rd3
Rce8 27. Rhd1 Rh2 28. Nc7 Ree2 29. R3d2 Rxd2 30. Rxd2 Rxd2 31. Nxa6 Rh2 32.
Nc7 b4 33. Nb5 bxc3 34. Nxc3 Bf6 35. Nd5 Bxb2 36. a4 Bd4 37. a5 Rxh3 38. a6
h5 39. g5 Ra3 40. Kc2 Rxa6 41. Kd3 Rd6 42. Kxd4 Rxd5+ 43. Kxd5 f6 44. Ke4
Kf7 45. Kf3 fxg5 46. Kg3 Kf6 47. Kf3 g4+ 48. Kg2 Kg5 49. Kg3 h4+ 50. Kg2 g3
51. Kf3 Kf5 52. Ke3 Kg4 53. Ke2 h3 54. Kf1 h2 55. Kg2 Kf4 56. Kf1 Kg4 57.
Ke2 Kh4 58. Kd3 Kh3 59. Kd4 h1=Q 60. Ke5 Qf1 61. Ke6 g2 62. Kd6 g1=Q 63. Kc6
Qe3 64. Kc7 Qd1 65. Kb7 Qec1 66. Ka6 Qb3 67. Ka5 Qa1# {White checkmated} 0-1

[Event "ICCopen2016"]
[Site "Internet Chess Club"]
[Date "2016.06.04"]
[Round "5"]
[White "pagoda"]
[Black "peri00"]
[Result "1-0"]
[ICCResult "Black checkmated"]
[WhiteElo "1873"]
[BlackElo "1321"]
[Opening "Vienna gambit"]
[ECO "C29"]
[NIC "VG.04"]
[Time "14:46:32"]
[TimeControl "180+0"]

1. Nc3 e5 2. e4 Nf6 3. f4 exf4 4. e5 Ng8 5. Nf3 d6 6. Qe2 Bg4 7. exd6+ Be6
8. dxc7 Qxc7 9. d4 Be7 10. Nb5 Qa5+ 11. Bd2 Qb6 12. Bxf4 Na6 13. O-O-O Bd5
14. Bd6 Qd8 15. Kb1 Nf6 16. Bxe7 Qxe7 17. Nd6+ Kd7 18. Qxe7+ Kxe7 19. Nf5+
Kf8 20. Bxa6 bxa6 21. Rhe1 Bxf3 22. gxf3 Re8 23. Rxe8+ Nxe8 24. c4 Nc7 25.
d5 Ne8 26. c5 Nf6 27. c6 g6 28. c7 Nxd5 29. c8=Q# {Black checkmated} 1-0

[Event "ICCopen2016"]
[Site "Internet Chess Club"]
[Date "2016.06.04"]
[Round "5"]
[White "DaveyJones"]
[Black "Piranha"]
[Result "0-1"]
[ICCResult "White checkmated"]
[WhiteElo "1511"]
[BlackElo "1746"]
[Opening "Dutch with c4 & Nc3"]
[ECO "A87"]
[NIC "HD.05"]
[Time "14:46:29"]
[TimeControl "180+0"]

1. c4 f5 2. d4 Nf6 3. Nc3 g6 4. g3 Bg7 5. Bg2 d6 6. Nf3 O-O 7. O-O Qe8 8.
Re1 Qf7 9. Qd3 h6 10. e4 Nxe4 11. Nxe4 fxe4 12. Qxe4 e5 13. dxe5 dxe5 14.
Qd5 Nc6 15. Qxf7+ Rxf7 16. Bd2 Bg4 17. Nxe5 Nxe5 18. Bd5 Nf3+ 19. Kf1 Bh3+
20. Ke2 Re8+ 21. Be3 Nxe1 22. Bxf7+ Kxf7 23. Kxe1 Bxb2 24. Rb1 Bd4 25. Rxb7
Bxe3 26. Rxc7+ Re7 27. Rxe7+ Kxe7 28. fxe3 Kd6 29. Kd2 Kc5 30. Kd3 Be6 31.
e4 Bxc4+ 32. Ke3 Bxa2 33. Kf4 Kd6 34. e5+ Ke6 35. h4 h5 36. Ke4 a5 37. Kd4
a4 38. Kc3 Kxe5 39. Kb4 Bb3 40. Kc3 Kf5 41. Kd3 Kg4 42. Kd4 Kxg3 43. Ke3
Kxh4 44. Ke2 g5 45. Kf2 g4 46. Kg2 g3 47. Kg1 Kg4 48. Kg2 h4 49. Kg1 h3 50.
Kh1 Kf3 51. Kg1 Bd5 52. Kh1 a3 53. Kg1 Bc4 54. Kh1 a2 55. Kg1 a1=Q#
{White checkmated}
0-1

[Event "ICCopen2016"]
[Site "Internet Chess Club"]
[Date "2016.06.04"]
[Round "5"]
[White "airantrobo"]
[Black "ShadowLike"]
[Result "0-1"]
[ICCResult "White forfeits on time"]
[WhiteElo "1520"]
[BlackElo "1946"]
[Opening "Budapest: Fajarowicz variation"]
[ECO "A51"]
[NIC "QG.01"]
[Time "14:46:09"]
[TimeControl "180+0"]

1. d4 Nf6 2. c4 e5 3. dxe5 Ne4 4. Nh3 d6 5. exd6 Bxd6 6. a3 O-O 7. e3 Bxh3
8. gxh3 Qh4 9. Qe2 Nc6 10. Nc3 Nc5 11. Bd2 Rae8 12. O-O-O Nd4 13. Qg4 Ndb3+
14. Kb1 Qxf2 15. Be2 Nxd2+ 16. Rxd2 Qxe3 17. Rdd1 Ne4 18. Nxe4 Qxe4+ 19.
Qxe4 Rxe4 20. Bd3 Re3 21. Bf5 g6 22. Bd7 Rd8 23. Bg4 f5 24. Bxf5 gxf5 25.
Rhg1+ Kf7 26. Rdf1 Kf6 27. Ka2 Re2 28. Rf3 Be5 29. Rgf1 f4 30. Rb1 b6 31.
Kb3 Rdd2 32. c5 b5 33. a4 a6 34. axb5 axb5 35. Kb4 c6 36. b3 Rd4+ 37. Ka3
Rdd2 38. Ra1 Rd4 39. b4 Re3+ 40. Rxe3 fxe3 41. Rf1+ Bf4 42. Re1 Ke5 43. Kb3
Ke4 44. Kc3 Rd3+ 45. Kc2 Rd2+ 46. Kc3 Rxh2 {White forfeits on time} 0-1

[Event "ICCopen2016"]
[Site "Internet Chess Club"]
[Date "2016.06.04"]
[Round "5"]
[White "jergus"]
[Black "Danyuffa"]
[Result "0-1"]
[ICCResult "White checkmated"]
[WhiteElo "2525"]
[BlackElo "2047"]
[Opening "Alekhine's defense: modern, Larsen variation"]
[ECO "B04"]
[NIC "AL.05"]
[Time "14:49:15"]
[TimeControl "180+0"]

1. e4 Nf6 2. e5 Nd5 3. d4 d6 4. Nf3 dxe5 5. Nxe5 c6 6. Be2 Bf5 7. O-O Nd7 8.
Nf3 e6 9. c3 Bd6 10. Nbd2 O-O 11. Nc4 Bc7 12. Bg5 Qb8 13. Re1 b5 14. Ncd2 h6
15. Bh4 Nf4 16. Bg3 Nxe2+ 17. Qxe2 Nf6 18. Ne5 Qb7 19. Nb3 Bxe5 20. Bxe5 Nd7
21. Bd6 Rfe8 22. Qf3 a5 23. a3 a4 24. Nc5 Nxc5 25. Bxc5 Qd7 26. Qf4 f6 27.
Re3 g5 28. Qg3 Kf7 29. Rae1 Rh8 30. Qf3 Rae8 31. Qg3 Bc2 32. Bd6 Bb3 33. Bc5
Bd5 34. Qd6 Qxd6 35. Bxd6 h5 36. h3 g4 37. h4 Kg6 38. Kh2 Kf5 39. Kg3 Rd8
40. Bc7 Rd7 41. Bf4 Re8 42. R3e2 Rc8 43. Bd2 c5 44. dxc5 Rxc5 45. Be3 Rc4
46. Rd2 e5 47. Red1 Ke6 48. Bh6 f5 49. Kh2 f4 50. Bf8 Rc8 51. Bb4 Rg8 52. g3
Rgg7 53. Bf8 Rgf7 54. Bc5 fxg3+ 55. fxg3 Rf3 56. Re1 Bc6 57. Rxd7 Bxd7 58.
Bd4 Rf5 59. Be3 Bc6 60. Rd1 Bd5 61. Kg1 Rf3 62. Bf2 Be4 63. Re1 Bf5 64. Re3
e4 65. Kf1 Kd5 66. Ke1 Kc4 67. Rxf3 gxf3 68. Kd2 Kb3 69. Kc1 Bh3 70. Be3 Bf1
71. Bf2 Bd3 72. Be3 Kc4 73. Bf2 Kd5 74. Kd2 Ke5 75. Be3 Kf5 76. Bf2 Kg4 77.
Ke3 Kh3 78. Be1 Kg2 79. Bf2 Kf1 80. g4 hxg4 81. h5 Bc4 82. h6 Bg8 83. Bg3
Kg2 84. Bh4 g3 85. h7 Bxh7 86. Bg5 f2 87. Kd4 f1=Q 88. Kc5 e3 89. Kb6 e2 90.
Be3 e1=Q 91. Bc5 Qfe2 92. Ka5 Qxb2 93. Bb4 Qb3 94. Kb6 Qee6+ 95. Ka5 Qbd5
96. Bd6 Qa8+ 97. Kb4 Qxd6+ 98. Kxb5 Qdd5+ 99. Kb6 Qab7# {White checkmated}
0-1

[Event "ICCopen2016"]
[Site "Internet Chess Club"]
[Date "2016.06.04"]
[Round "6"]
[White "mdrasko"]
[Black "nikenwidiartto"]
[Result "1-0"]
[ICCResult "Black resigns"]
[WhiteElo "2457"]
[BlackElo "1854"]
[Opening "Réti: King's Indian attack (Barcza system)"]
[ECO "A07"]
[NIC "QP.09"]
[Time "14:57:08"]
[TimeControl "180+0"]

1. Nf3 d5 2. g3 c6 3. Bg2 Bg4 4. O-O Nd7 5. d3 e6 6. c4 Ngf6 7. cxd5 cxd5 8.
Bf4 Be7 9. Nc3 Rc8 10. h3 Bh5 11. Qd2 O-O 12. Rfc1 a6 13. Ne5 Nxe5 14. Bxe5
Nd7 15. Bf4 Nf6 16. Na4 Bd6 17. Rxc8 Bxf4 18. Rxd8 Bxd2 19. Rxf8+
{Black resigns}
1-0

[Event "ICCopen2016"]
[Site "Internet Chess Club"]
[Date "2016.06.04"]
[Round "6"]
[White "plotkin"]
[Black "jefferyx"]
[Result "1/2-1/2"]
[ICCResult "Game drawn by mutual agreement"]
[WhiteElo "2345"]
[BlackElo "2689"]
[Opening "St. George (Baker) defense"]
[ECO "B00"]
[NIC "VO.17"]
[Time "14:56:50"]
[TimeControl "180+0"]

1. e4 a6 2. d4 b5 3. Nf3 Bb7 4. Bd3 e6 5. c3 Nf6 6. e5 Nd5 7. O-O d6 8. Nbd2
Nd7 9. Ne4 dxe5 10. Nxe5 Nxe5 11. dxe5 Be7 12. Qg4 Kf8 13. Bc2 h5 14. Qh3 g5
15. Rd1 g4 16. Qg3 Bh4 17. Qd3 Be7 {Game drawn by mutual agreement} 1/2-1/2

[Event "ICCopen2016"]
[Site "Internet Chess Club"]
[Date "2016.06.04"]
[Round "6"]
[White "Govindan"]
[Black "rookfish"]
[Result "0-1"]
[ICCResult "White checkmated"]
[WhiteElo "1440"]
[BlackElo "1193"]
[Opening "Giuoco Piano"]
[ECO "C50"]
[NIC "IG.02"]
[Time "14:56:46"]
[TimeControl "180+0"]

1. e4 e5 2. Nf3 Nc6 3. Bc4 Bc5 4. O-O Nf6 5. d3 d6 6. Nc3 Bg4 7. h3 Bxh3 8.
gxh3 Qe7 9. a3 O-O-O 10. b4 h5 11. bxc5 Ng4 12. hxg4 hxg4 13. Bg5 f6 14. Bh4
gxf3 15. Bg3 f5 16. exf5 Qg5 17. Qxf3 Rh3 18. Kg2 Nd4 19. Qe3 Qh5 20. Rh1
Rh8 21. Qc1 Qf3+ 22. Kf1 Rxh1# {White checkmated} 0-1

[Event "ICCopen2016"]
[Site "Internet Chess Club"]
[Date "2016.06.04"]
[Round "6"]
[White "Dinamit"]
[Black "Johndenver"]
[Result "1-0"]
[ICCResult "Black resigns"]
[WhiteElo "2680"]
[BlackElo "1797"]
[Opening "Four knights: Spanish variation"]
[ECO "C48"]
[NIC "KP.03"]
[Time "14:56:34"]
[TimeControl "180+0"]

1. e4 e5 2. Nf3 Nc6 3. Nc3 Nf6 4. Bb5 d6 5. d4 exd4 6. Nxd4 Bd7 7. Bxc6 bxc6
8. O-O Be7 9. b3 O-O 10. Bb2 Re8 11. Qf3 Bf8 12. Rad1 g6 13. h3 Bg7 14. Rfe1
Nh5 15. g4 Nf6 16. e5 dxe5 17. Nxc6 Bxc6 18. Qxc6 Qe7 19. Nd5 Nxd5 20. Rxd5
Rad8 21. c4 Rxd5 22. cxd5 Qh4 23. Qxe8+ {Black resigns} 1-0

[Event "ICCopen2016"]
[Site "Internet Chess Club"]
[Date "2016.06.04"]
[Round "6"]
[White "Oblique"]
[Black "UAE2002"]
[Result "0-1"]
[ICCResult "White resigns"]
[WhiteElo "1741"]
[BlackElo "1991"]
[Opening "Old Benoni defense"]
[ECO "A44"]
[NIC "OI.09"]
[Time "14:58:03"]
[TimeControl "180+0"]

1. d4 c5 2. d5 e5 3. c4 d6 4. e4 g6 5. Nc3 Bg7 6. Bd3 Ne7 7. Nge2 O-O 8. O-O
a6 9. Ng3 f5 10. exf5 gxf5 11. Qh5 e4 12. Ngxe4 fxe4 13. Bxe4 Bf5 14. Re1
Bxe4 15. Rxe4 Ng6 16. Bh6 Nd7 17. Bxg7 Kxg7 18. Rae1 Nf6 19. Re6 Nxh5
{White resigns}
0-1

[Event "ICCopen2016"]
[Site "Internet Chess Club"]
[Date "2016.06.04"]
[Round "6"]
[White "abroz"]
[Black "Dlugy"]
[Result "0-1"]
[ICCResult "White resigns"]
[WhiteElo "2543"]
[BlackElo "2903"]
[Opening "King's Indian: orthodox variation"]
[ECO "E94"]
[NIC "KI.15"]
[Time "14:58:06"]
[TimeControl "180+0"]

1. d4 Nf6 2. Nf3 g6 3. c4 Bg7 4. Nc3 O-O 5. e4 d6 6. Be2 e5 7. O-O exd4 8.
Nxd4 Re8 9. f3 c6 10. Be3 d5 11. cxd5 Nxd5 12. Nxd5 cxd5 13. Bf2 dxe4 14.
fxe4 a6 15. Bf3 Nd7 16. Rc1 Ne5 17. Qb3 Nxf3+ 18. gxf3 Bh3 19. Rfd1 Qg5+ 20.
Bg3 Bxd4+ {White resigns} 0-1

[Event "ICCopen2016"]
[Site "Internet Chess Club"]
[Date "2016.06.04"]
[Round "6"]
[White "fviana"]
[Black "YoureFired"]
[Result "1-0"]
[ICCResult "Black resigns"]
[WhiteElo "2202"]
[BlackElo "1882"]
[Opening "King's pawn opening"]
[ECO "B07"]
[NIC "VO.17"]
[Time "14:56:49"]
[TimeControl "180+0"]

1. e4 d6 2. Nf3 Nf6 3. Nc3 g6 4. h3 Bg7 5. Be2 O-O 6. O-O c6 7. Re1 e5 8.
Bf1 b5 9. d4 b4 10. Na4 Qa5 11. c3 Re8 12. cxb4 Qxb4 13. a3 Qa5 14. b4 Qc7
15. dxe5 dxe5 16. Bb2 Nbd7 17. Rc1 a5 18. b5 Bb7 19. Qc2 c5 20. Nd2 Rac8 21.
Nc4 Nh5 22. b6 Qc6 23. Nxa5 {Black resigns} 1-0

[Event "ICCopen2016"]
[Site "Internet Chess Club"]
[Date "2016.06.04"]
[Round "6"]
[White "peri00"]
[Black "Imaneverwas"]
[Result "0-1"]
[ICCResult "White checkmated"]
[WhiteElo "1318"]
[BlackElo "1723"]
[Opening "Sicilian: Scheveningen, classical, Nd7 system"]
[ECO "B92"]
[NIC "SI.10"]
[Time "14:56:47"]
[TimeControl "180+0"]

1. e4 c5 2. Nf3 d6 3. d4 cxd4 4. Nxd4 Nf6 5. Nc3 a6 6. Be2 Nbd7 7. O-O e6 8.
h3 b5 9. Bg5 Bb7 10. Bf3 Ne5 11. Nb3 Be7 12. Na5 Qxa5 13. Bxf6 Nxf3+ 14.
gxf3 gxf6 15. Kh2 b4 16. Ne2 Qe5+ 17. Ng3 Rg8 18. b3 d5 19. Rc1 dxe4 20. Re1
Bd6 21. fxe4 Rxg3 22. fxg3 Qxg3+ 23. Kh1 Qh2# {White checkmated} 0-1

[Event "ICCopen2016"]
[Site "Internet Chess Club"]
[Date "2016.06.04"]
[Round "6"]
[White "ALexiz"]
[Black "Mandragora"]
[Result "1-0"]
[ICCResult "Black resigns"]
[WhiteElo "1831"]
[BlackElo "1576"]
[Opening "QGD: Marshall defense"]
[ECO "D11"]
[NIC "QP.07"]
[Time "14:57:19"]
[TimeControl "180+0"]

1. d4 Nf6 2. c4 d5 3. Nf3 c6 4. g3 e6 5. Bg2 g6 6. O-O Bg7 7. Nbd2 O-O 8.
Qc2 a6 9. e4 dxc4 10. Nxc4 b5 11. Nce5 Bb7 12. Rd1 Nbd7 13. Nxc6 Bxc6 14.
Qxc6 Qa5 15. Bd2 Qa4 16. b3 Qa3 17. Bc1 Qa5 18. Qc2 Rac8 19. Qe2 Ng4 20. Bb2
Qb6 21. h3 Nh6 22. d5 Bxb2 23. Qxb2 exd5 24. Rxd5 Rfd8 25. Rad1 f6 26. Qd2
Rc7 27. Qxh6 {Black resigns} 1-0

[Event "ICCopen2016"]
[Site "Internet Chess Club"]
[Date "2016.06.04"]
[Round "6"]
[White "Darnoc"]
[Black "SPARNALIQ"]
[Result "1-0"]
[ICCResult "Black resigns"]
[WhiteElo "2903"]
[BlackElo "2870"]
[Opening "Nimzo-Indian: classical variation"]
[ECO "E32"]
[NIC "NI.24"]
[Time "14:57:53"]
[TimeControl "180+0"]

1. d4 Nf6 2. c4 e6 3. Nc3 Bb4 4. Qc2 O-O 5. e4 c5 6. e5 Ne8 7. a3 Bxc3+ 8.
bxc3 b6 9. Bd3 g6 10. h4 cxd4 11. h5 Qe7 12. Nf3 Bb7 13. Bg5 f6 14. exf6
Nxf6 15. hxg6 hxg6 16. Rh6 Rf7 17. Ne5 Rg7 18. Nxg6 {Black resigns} 1-0

[Event "ICCopen2016"]
[Site "Internet Chess Club"]
[Date "2016.06.04"]
[Round "6"]
[White "EirikG"]
[Black "kolding"]
[Result "1-0"]
[ICCResult "Black resigns"]
[WhiteElo "2520"]
[BlackElo "1697"]
[Opening "Bogo-Indian defense, Grünfeld variation"]
[ECO "E11"]
[NIC "QI.01"]
[Time "14:58:19"]
[TimeControl "180+0"]

1. d4 Nf6 2. c4 e6 3. Nf3 Bb4+ 4. Nbd2 O-O 5. g3 d5 6. Bg2 dxc4 7. O-O c6 8.
Nxc4 Nbd7 9. Qc2 Nb6 10. Nce5 Nfd7 11. Nd3 Be7 12. e4 Nf6 13. Re1 Qc7 14.
Bf4 Qd8 15. Rad1 Bd7 16. Nc5 Qc8 17. Ne5 Be8 18. a4 Nbd7 19. Ncd3 Nxe5 20.
Nxe5 Nd7 21. Nd3 a5 22. Rc1 Nb6 23. Qb3 Nd7 24. d5 exd5 25. exd5 cxd5 26.
Rxc8 {Black resigns} 1-0

[Event "ICCopen2016"]
[Site "Internet Chess Club"]
[Date "2016.06.04"]
[Round "6"]
[White "ROWLAND"]
[Black "QuieroAprender"]
[Result "1-0"]
[ICCResult "Black checkmated"]
[WhiteElo "1558"]
[BlackElo "1360"]
[Opening "Scotch game"]
[ECO "C45"]
[NIC "SO.05"]
[Time "14:57:04"]
[TimeControl "180+0"]

1. e4 e5 2. Nf3 Nc6 3. d4 exd4 4. Nxd4 Bc5 5. Be3 Qf6 6. c3 Nxd4 7. cxd4
Bb4+ 8. Nc3 c5 9. e5 Qb6 10. dxc5 Bxc3+ 11. bxc3 Qc6 12. Qg4 g6 13. Qg3 Ne7
14. Bd3 Nd5 15. O-O O-O 16. Be4 Qe6 17. Rad1 Nxe3 18. fxe3 f5 19. Bd5 Kg7
20. Bxe6 dxe6 21. Qh4 Rf7 22. Rd8 Rd7 23. Qf6+ Kh6 24. Rd1 Rg7 25. h4 Rc7
26. Rg8 Bd7 27. Qg5# {Black checkmated} 1-0

[Event "ICCopen2016"]
[Site "Internet Chess Club"]
[Date "2016.06.04"]
[Round "6"]
[White "ramezsamir"]
[Black "Blockader"]
[Result "1-0"]
[ICCResult "Black resigns"]
[WhiteElo "2125"]
[BlackElo "1736"]
[Opening "French: Frere (Becker) variation"]
[ECO "C10"]
[NIC "FR.07"]
[Time "14:56:56"]
[TimeControl "180+0"]

1. e4 e6 2. d4 d5 3. Nc3 dxe4 4. Nxe4 Qd5 5. Qf3 Qf5 6. Qxf5 exf5 7. Nc5 b6
8. Nd3 Nf6 9. Ne5 Bd6 10. Bb5+ Ke7 11. Nc6+ Nxc6 12. Bxc6 Rb8 13. Nf3 Bd7
14. Bxd7 Nxd7 15. Bg5+ f6 16. Be3 Rhe8 17. O-O-O Kf7 18. Rhe1 Re4 19. g3
Rbe8 20. Nd2 R4e7 21. Nc4 g5 22. Nxd6+ cxd6 23. Bd2 Rxe1 24. Rxe1 Rxe1+ 25.
Bxe1 b5 26. Bb4 Ke6 27. Kd2 Nb6 28. b3 Nd5 29. Ba3 b4 30. Bb2 a5 31. c4
bxc3+ 32. Bxc3 Nxc3 33. Kxc3 Kd5 34. a3 h5 35. b4 axb4+ 36. Kxb4 Kxd4 37. a4
Ke4 38. a5 d5 39. a6 Kf3 40. a7 Kxf2 41. a8=Q d4 42. Qd5 Kg1 43. Qxd4+ Kxh2
44. Qxf6 Kxg3 45. Qxg5+ Kf3 46. Qxf5+ Kg3 47. Qxh5 {Black resigns} 1-0

[Event "ICCopen2016"]
[Site "Internet Chess Club"]
[Date "2016.06.04"]
[Round "6"]
[White "bullbuffalo"]
[Black "blackjack721"]
[Result "0-1"]
[ICCResult "White resigns"]
[WhiteElo "1293"]
[BlackElo "1417"]
[Opening "Polish (Sokolsky) opening"]
[ECO "A00"]
[NIC "VO.10"]
[Time "14:57:14"]
[TimeControl "180+0"]

1. b4 d5 2. Bb2 c6 3. e3 Bf5 4. c4 e6 5. Be2 Bxb4 6. Bxg7 f6 7. Bxh8 Nd7 8.
Bh5+ Ke7 9. a3 Bd6 10. Nc3 Be5 11. Bg7 Qa5 12. Nf3 Bxc3 13. dxc3 Qxc3+ 14.
Nd2 h6 15. O-O d4 16. exd4 Qxd4 17. Re1 Qh4 18. Nf3 Qxh5 19. Rxe6+ Bxe6 20.
Bxf6+ Ngxf6 21. g4 Qc5 22. Nd4 Bxg4 23. Qe1+ Ne5 24. Nxc6+ bxc6 25. Rd1 Rg8
{White resigns}
0-1

[Event "ICCopen2016"]
[Site "Internet Chess Club"]
[Date "2016.06.04"]
[Round "6"]
[White "Chanikya"]
[Black "searchforbobby1"]
[Result "0-1"]
[ICCResult "White resigns"]
[WhiteElo "2674"]
[BlackElo "2112"]
[Opening "Queen's pawn"]
[ECO "A40"]
[NIC "QO.17"]
[Time "14:58:06"]
[TimeControl "180+0"]

1. d4 e6 2. Bf4 f5 3. e3 Nf6 4. Nf3 d5 5. Bd3 Bd6 6. O-O O-O 7. c4 c6 8. Nc3
Be7 9. h3 Kh8 10. c5 h6 11. Ne5 Qe8 12. g4 Nbd7 13. gxf5 Nxe5 14. Bxe5 exf5
15. Kh1 Ne4 16. Qf3 Nd2 17. Qg3 Bf6 18. Bxf6 Rxf6 19. Rg1 Qe7 20. Ne2 Ne4
21. Bxe4 fxe4 22. Nf4 g5 23. Nh5 Rf3 24. Raf1 Rxg3 25. Rxg3 Qf7 26. Nf4 gxf4
27. exf4 Qxf4 28. Rfg1 Bf5 {White resigns} 0-1

[Event "ICCopen2016"]
[Site "Internet Chess Club"]
[Date "2016.06.04"]
[Round "6"]
[White "cap78red"]
[Black "pawelwaw"]
[Result "0-1"]
[ICCResult "White checkmated"]
[WhiteElo "1347"]
[BlackElo "1562"]
[Opening "English: Mikenas-Carls variation"]
[ECO "A18"]
[NIC "EO.64"]
[Time "14:57:50"]
[TimeControl "180+0"]

1. c4 Nf6 2. Nc3 e6 3. e4 d6 4. d3 Be7 5. g3 O-O 6. Bg2 b6 7. Nge2 Bb7 8.
O-O e5 9. f4 Nbd7 10. fxe5 Nxe5 11. Nd5 Nxd5 12. exd5 Bc8 13. Nf4 Bg4 14.
Qc2 Bg5 15. d4 Ng6 16. Nxg6 hxg6 17. Bxg5 Qxg5 18. Rae1 Rae8 19. Qc1 Qxc1
20. Rxc1 Re2 21. Bf3 Bxf3 22. Rxf3 Rxb2 23. a3 Re8 24. Rf2 Ree2 25. Rxe2
Rxe2 26. Rc3 f5 27. h4 Kf7 28. Kf1 Rd2 29. Ke1 Rxd4 30. Ke2 Re4+ 31. Kf3 Re1
32. Kf4 Kf6 33. Rf3 Re4# {White checkmated} 0-1

[Event "ICCopen2016"]
[Site "Internet Chess Club"]
[Date "2016.06.04"]
[Round "6"]
[White "expiando"]
[Black "NAS"]
[Result "1-0"]
[ICCResult "Black resigns"]
[WhiteElo "1995"]
[BlackElo "1666"]
[Opening "English: four knights, Marini variation"]
[ECO "A28"]
[NIC "EO.09"]
[Time "14:57:28"]
[TimeControl "180+0"]

1. c4 Nf6 2. Nc3 e5 3. Nf3 Nc6 4. a3 d6 5. e3 Be6 6. d4 exd4 7. exd4 d5 8.
c5 Be7 9. b4 O-O 10. h3 Ne4 11. Bb2 Bf5 12. Be2 Bf6 13. O-O Re8 14. b5 Nb8
15. Re1 c6 16. a4 Nd7 17. a5 Nxc3 18. Bxc3 Nxc5 19. Ne5 Nd7 20. a6 Nxe5 21.
axb7 Rb8 22. dxe5 Bxe5 23. Bxe5 Rxe5 24. bxc6 Qc7 25. Bb5 Rxe1+ 26. Qxe1 Kf8
27. Rxa7 Be6 28. Ra8 Ke7 29. Qb4+ Kf6 30. Qh4+ {Black resigns} 1-0